 Dungeon Crawl Stone Soup version 0.31-a0-236-g9a0961fb85 (webtiles) character file.

Game seed: 3906266389422598600

92 qw the Shooter (level 4, -2/26 HPs)
             Began as a Gargoyle Hexslinger on July 10, 2023.
             Slain by a +2 spectral club (7 damage)
             ... created by Ijyb
             ... on level 3 of the Dungeon.
             The game lasted 00:00:41 (1301 turns).

qw the Shooter (Gargoyle Hexslinger)                Turns: 1301, Time: 00:00:41

Health: -2/26      AC: 10    Str: 11    XL:     4   Next: 60%
Magic:  5/5        EV:  7    Int: 14    God:
Gold:   102        SH:  0    Dex: 14    Spells: 4/5 levels left

rFire   . . .        Y - +3 sling
rCold   . . .        (no shield)
rNeg    + . .        b - +0 ring mail
rPois   inf          (no helmet)
rElec   +            (no cloak)
rCorr   .            j - +0 pair of gloves
SInv    .            (no boots)
Will    .....        (no amulet)
Stlth   +            (no ring)
HPRegen 0.24/turn    (no ring)
MPRegen 0.09/turn

%: no passive effects
@: grasped by roots, constricted
A: sickness immunity, AC +3, negative energy resistance 1, electricity
resistance, torment resistance 1, petrification resistance
a: no special abilities


You were on level 3 of the Dungeon.
You visited 1 branch of the dungeon, and saw 3 of its levels.

You collected 102 gold pieces.


Innate Abilities, Weirdness & Mutations

You are immune to sickness and miasma.
Your stone body is resilient. (AC +3)
You are immune to poison.
You resist negative energy. (rN+)
You are resistant to electric shocks. (rElec)
You are resistant to unholy torment.
You are immune to petrification.


   Skills:
 - Level 2.0 Fighting
 + Level 4.0 Ranged Weapons
 - Level 1.5 Armour
 - Level 1.5 Dodging
 - Level 1.0 Spellcasting
 - Level 2.6 Hexes


You had 4 spell levels left.
You knew the following spells:

 Your Spells              Type           Power      Damage    Failure   Level
a - Slow                  Hex            32%        N/A       21%         1

Your spell library contained the following spells:

 Spells                   Type           Power      Damage    Failure   Level
 Inner Flame              Hex/Fire       4%         N/A       71%         3
 Portal Projectile        Hex/Tloc       8%         N/A       71%         3
 Cause Fear               Hex            4%         N/A       90%         4

Inventory:

Hand Weapons
 Y - a +3 sling (weapon)
Armour
 b - a +0 ring mail (worn)
 j - a +0 pair of gloves (worn)
Scrolls
 c - a scroll of identify
Potions
 a - a potion of resistance {unknown}
 d - 2 potions of enlightenment {unknown}
 e - a potion of attraction {unknown}
 i - a potion of curing {unknown}

Dungeon Overview and Level Annotations

Branches:
Dungeon (3/15)

Altars:
Vehumet
Zin

Annotations:
D:3 Ijyb


Message History

You shoot a sling bullet.
The sling bullet hits Ijyb but does no damage.
You shoot a sling bullet. The sling bullet hits Ijyb.
Ijyb is lightly wounded.
Ijyb completely misses you.
The +2 spectral club closely misses you.
A +2 spectral club comes into view.
You shoot a sling bullet. The sling bullet hits Ijyb.
Ijyb is moderately wounded.
Ijyb hits you but does no damage. The +2 spectral club hits you.
You shoot a sling bullet.
The sling bullet hits Ijyb but does no damage.
Ijyb is moderately wounded.
Ijyb hits you with a +2 spectral club.
The +2 spectral club closely misses you.
You shoot a sling bullet. The sling bullet hits Ijyb.
Ijyb is moderately wounded.
Ijyb closely misses you.
The +2 spectral club hits you but does no damage.
Ijyb zaps a wand.
The roots erupt in riotous growth!
The grasping roots grab you!
Ijyb is unaffected.
The grasping roots constrict you.
You shoot a sling bullet. The sling bullet hits Ijyb.
Ijyb is moderately wounded.
The +2 spectral club disappears.
Ijyb hits you with a +2 spectral club. The +2 spectral club hits you.
The grasping roots constrict you.
A +2 spectral club comes into view.
You shoot a sling bullet. The sling bullet hits Ijyb.
Ijyb is heavily wounded.
Ijyb hits you with a +2 spectral club.
The +2 spectral club hits you but does no damage.
The grasping roots constrict you.
The grasping roots release their grip on you.
You shoot a sling bullet. The sling bullet closely misses Ijyb.
Ijyb zaps a wand.
The roots erupt in riotous growth!
The grasping roots grab you!
Ijyb is unaffected.
The grasping roots constrict you.
The +2 spectral club disappears.
Ijyb barely misses you. The +2 spectral club hits you!
You die...

. ## #.# .
##... #.#
#.... #.#
.....###.#
#......#.#
#.....#.#
#....#.#
#..g#.#
#.(@.#
........##
#######.#
..# ..##
##. #. #.


You could see a +2 spectral club (wandering) and Ijyb.

Vanquished Creatures
  A statue (D:3)
  2 adders (D:2)
  2 dart slugs (D:2)
  An orc (D:3)
  4 ball pythons
  2 bats
  6 endoplasms
  4 giant cockroaches
  4 goblins
  4 hobgoblins
  5 jackals
  A quokka (D:2)
  A frilled lizard (D:2)
  4 kobolds
  3 rats
44 creatures vanquished.

Notes
Turn   | Place    | Note
-------+----------+-------------------------------------------
     0 | D:1      | qw the Gargoyle Hexslinger began the quest for the Orb.
     0 | D:1      | Reached XP level 1. HP: 12/12 MP: 2/2
     0 | D:1      | 0 ||| qw: Version: 0.3-a-52-g30416fa
     0 | D:1      | 0 ||| qw: Game counter: 4926
     0 | D:1      | 0 ||| qw: Melee chars always use a shield: true
     0 | D:1      | 0 ||| qw: God list: Okawaru
     0 | D:1      | 0 ||| qw: Allow faded altars: false
     0 | D:1      | 0 ||| qw: Do Orc after clearing Dungeon:15 true
     0 | D:1      | 0 ||| qw: Do second Lair branch before Depths: true
     0 | D:1      | 0 ||| qw: Lair rune preference: random
     0 | D:1      | 0 ||| qw: Goals: Normal
     0 | D:1      | 0 ||| PLANNING D:1-11
   168 | D:1      | 168 ||| Stepping ~*~*~tactically~*~*~ (water).
   179 | D:1      | Reached XP level 2. HP: 12/16 MP: 3/3
   479 | D:1      | Reached skill level 3 in Ranged Weapons
   749 | D:1      | 749 ||| UPGRADING to +0 leather armour.
   759 | D:1      | 759 ||| DROPPING +0 robe.
   760 | D:1      | 760 ||| UPGRADING to +0 pair of gloves.
   765 | D:1      | 765 ||| DROPPING ring of flight.
   766 | D:1      | 766 ||| READING scroll labelled QUSTRU ROTEAWNO.
   767 | D:1      | 767 ||| READING scroll labelled GUIZEACZ HUIQ.
   768 | D:1      | 768 ||| READING scroll labelled HEUREFOSHA.
   769 | D:1      | 769 ||| READING scroll labelled RUMPUILL COISI.
   770 | D:1      | 770 ||| DROPPING scroll of poison.
   851 | D:2      | Reached XP level 3. HP: 21/21 MP: 4/4
   908 | D:2      | Found a glowing silver altar of Zin.
  1006 | D:2      | 1006 ||| READING scroll of enchant weapon.
  1006 | D:2      | 1006 ||| ENCHANTING +2 sling.
  1058 | D:2      | Reached XP level 4. HP: 26/26 MP: 5/5
  1059 | D:2      | Reached skill level 4 in Ranged Weapons
  1158 | D:2      | 1158 ||| UPGRADING to +0 ring mail.
  1168 | D:2      | 1168 ||| DROPPING +0 leather armour.
  1169 | D:2      | 1169 ||| READING scroll labelled HOZXOT OC WA VALLO.
  1194 | D:3      | Found a radiant altar of Vehumet.
  1194 | D:3      | Noticed a charred statue
  1195 | D:3      | 1195 ||| FLEEEEING.
  1249 | D:3      | Killed a charred statue
  1250 | D:3      | Reached skill level 1 in Armour
  1292 | D:3      | Noticed Ijyb
  1301 | D:3      | HP: 5/26 [constriction (3)]
  1301 | D:3      | Slain by a +2 spectral club

Levels and vault maps discovered:
D:1:      beargit_arrival_greenhouse, layout_basic, serial_bayou_ford_a,
          minmay_misc_feat_pillars
D:2:      layout_basic, basic_altar, kennysheep_generic_room_11
D:3:      minmay_chambers_of_twos, layout_basic, nemelex_altar_shiori,
          vehumet_statue, grunt_decor_arrowhead, uniq_ijyb

Skill      XL: |  1  2  3  4 |
---------------+-------------+-----
Ranged Weapons | 3 4 |  4.0
Fighting       | 2 |  2.0
Armour         | 1 |  1.5
Dodging        | |  1.5
Spellcasting   | |  1.0
Hexes          | |  2.6

Action                     |  1- 3 |  4- 6 || total
---------------------------+-------+-------++-------
   Fire: Sling             |   133 |    22 ||   155
    Use: Scroll            |     5 |     1 ||     6
 Armour: Robe              |     9 |       ||     9
         Leather armour    |    13 |       ||    13
         Ring mail         |       |     4 ||     4
  Dodge: Dodged            |    44 |     5 ||    49

Table legend:
 A = Non-vault XP
 B = Vault XP
 C = Vault XP percentage of total XP
 D = Non-vault monster count
 E = Vault monster count
 F = Vault count percentage of total count
                 A         B        C        D         E       F
            +---------+---------+-------+---------+---------+-------
      Total |      97 |      35 |  26.5 |      41 |       3 |   6.8
            +---------+---------+-------+---------+---------+-------
        D:1 |      28 |       0 |   0.0 |      16 |       0 |   0.0
        D:2 |      64 |       3 |   4.5 |      22 |       2 |   8.3
        D:3 |       5 |      32 |  86.5 |       3 |       1 |  25.0
            +---------+---------+-------+---------+---------+-------
